 Dungeon Crawl Stone Soup version 0.30.0-29-ga12c61a403 (webtiles) character file.

Game seed: 12022367121361952491

252252 seaoflcl the Tortoise (level 18, -1/163 HPs)
             Began as a Minotaur Fighter on June 11, 2023.
             Was the Champion of Okawaru.
             Splashed by an acid blob's acid (5 damage)
             ... on level 1 of the Pits of Slime.
             The game lasted 01:52:15 (37324 turns).

seaoflcl the Tortoise (Minotaur Fighter)           Turns: 37324, Time: 01:52:16

Health: -1/163     AC: 21    Str: 32    XL:     18   Next: 96%
Magic:  17/17      EV: 11    Int:  5    God:    Okawaru [******]
Gold:   1743       SH: 20    Dex: 10    Spells: 17/17 levels left

rFire   . . .        P - +11 hand axe "Cic Ysi" {heavy, rElec}
rCold   + . .        c - +3 kite shield {AC+3}
rNeg    . . .        Q - +2 plate armour {rC+}
rPois   +            u - +2 hat of the Circus Animal {Will++}
rElec   +            D - +2 cloak {Will+}
rCorr   +            J - +1 pair of gloves
SInv    .            W - +2 pair of boots "Huila" {Str+3}
Will    ++++.        x - amulet of reflection Stlth
                     a - ring of resist corrosion
HPRegen 0.47/turn    E - ring of poison resistance
MPRegen 0.15/turn

%: reflection
@: corroded, studying 2 skills
A: horns 2, retaliatory headbutt
}: 2/15 runes: decaying, serpentine
a: Renounce Religion, Heroism, Finesse, Duel


You were on level 1 of the Pits of Slime.
You worshipped Okawaru.
Okawaru was exalted by your worship.
You visited 7 branches of the dungeon, and saw 31 of its levels.
You also visited: Sewer, Ossuary and Gauntlet.

You collected 2507 gold pieces.
You spent 764 gold pieces at shops.

Inventory:

Hand Weapons
 d - a +7 hand axe of freezing
 j - a +7 scimitar of flaming
 H - the +11 hand axe "Glorpo" {vamp, MP-9 Str+4 Int+3}
   (You found it on level 5 of the Dungeon)

   Str:       It affects your strength (+4).
   Int:       It affects your intelligence (+3).
   MP:        It affects your magic capacity (-9).
 L - the +8 long sword "Kouqyov" {freeze, rPois rC+ rN+}
   (You acquired it on level 5 of the Lair of Beasts)

   rC:        It protects you from cold.
   rPois:     It protects you from poison.
   rN:        It protects you from negative energy.
 P - the +11 hand axe "Cic Ysi" (weapon) {heavy, rElec}
   (Okawaru gifted it to you on level 3 of the Swamp)

   rElec:     It insulates you from electricity.
Missiles
 b - 26 poisoned darts
 p - 3 silver javelins
 F - 10 javelins (quivered)
 V - 2 boomerangs of dispersal
Armour
 c - a +3 kite shield of protection (worn)
 g - a +8 chain mail of ponderousness
 u - the +2 hat of the Circus Animal (worn) {Will++}
   (You found it on level 1 of the Vaults)

   Will:      It greatly increases your willpower.
 D - a +2 cloak of willpower (worn)
 J - a +1 pair of gloves (worn)
 Q - a +2 plate armour of cold resistance (worn)
 W - the +2 pair of boots "Huila" (worn) {Str+3}
   (Okawaru gifted it to you on level 3 of the Snake Pit)

   Str:       It affects your strength (+3).
Jewellery
 a - a ring of resist corrosion (left hand)
 o - a +4 ring of slaying
 q - a +4 ring of protection
 x - an amulet of reflection (around neck)
 E - a ring of poison resistance (right hand)
 I - a ring of ice
 O - a ring of see invisible
 R - the ring of Yhoi {rF+ MP+9 Int+3 Dex-5}
   (You took it off a minotaur in a Gauntlet)

   [ring of protection from fire]

   Int:       It affects your intelligence (+3).
   Dex:       It affects your dexterity (-5).
   rF:        It protects you from fire.
   MP:        It affects your magic capacity (+9).
Wands
 h - a wand of digging (5)
 y - a wand of paralysis (12)
 A - a wand of roots (72)
 B - a wand of light (23)
 C - a wand of flame (50)
 S - a wand of polymorph (4)
 U - a wand of mindburst (30)
Scrolls
 e - 12 scrolls of poison
 f - 6 scrolls of fog
 l - 6 scrolls of blinking
 n - 6 scrolls of fear
 r - 12 scrolls of teleportation
 t - 2 scrolls of magic mapping
 Z - a scroll of enchant weapon
Potions
 i - 2 potions of resistance
 k - 3 potions of heal wounds
 m - a potion of ambrosia
 s - 3 potions of haste
 v - 7 potions of curing
 z - 5 potions of invisibility
 G - 8 potions of flight
 K - a potion of magic
 M - 3 potions of lignification
 N - 4 potions of berserk rage
 T - 3 potions of cancellation
 Y - a potion of mutation
Miscellaneous
 w - a condenser vane


   Skills:
 + Level 15.0 Fighting
 + Level 13.8 Long Blades
 + Level 17.0 Axes
 + Level 14.8 Throwing
 * Level 20.3 Armour
 + Level 9.0 Dodging
 + Level 15.0 Shields
 + Level 9.1 Evocations


You had 17 spell levels left.
You didn't know any spells.
Your spell library contained the following spells:

 Spells                   Type           Power      Damage    Failure   Level
 Beastly Appendage        Tmut           0%         N/A       95%         1
 Magic Dart               Conj           0%         1d3       95%         1
 Necrotise                Necr           0%         1d4       95%         1
 Shock                    Conj/Air       0%         1d3       95%         1
 Slow                     Hex            0%         N/A       95%         1
 Sting                    Tmut/Pois      0%         1d3       95%         1
 Lesser Beckoning         Tloc           0%         N/A       99%         2
 Poisonous Vapours        Pois/Air       0%         N/A       99%         2
 Searing Ray              Conj           0%         2d4       99%         2
 Static Discharge         Conj/Air       0%         2-2/arc   99%         2
 Wereblood                Tmut           0%         N/A       99%         2
 Confusing Touch          Hex            0%         N/A       100%        3
 Gell's Gravitas          Tloc           0%         N/A       100%        3
 Mephitic Cloud           Conj/Pois/Air  0%         N/A       100%        3
 Portal Projectile        Hex/Tloc       0%         N/A       100%        3
 Spider Form              Tmut/Pois      0%         N/A       100%        3
 Swiftness                Air            0%         N/A       100%        3
 Teleport Other           Tloc           0%         N/A       100%        3
 Vampiric Draining        Necr           0%         2d6       100%        3
 Volatile Blastmotes      Fire/Tloc      0%         2d10      100%        3
 Airstrike                Air            0%         2d(0-16)  100%        4
 Fulminant Prism          Conj/Hex       0%         3d5       100%        4
 Iskenderun's Mystic Bla  Conj/Tloc      0%         2d3       100%        4
 Leda's Liquefaction      Hex/Erth       0%         N/A       100%        4
 Olgreb's Toxic Radiance  Pois           0%         N/A       100%        4
 Agony                    Necr           0%         N/A       100%        5
 Blade Hands              Tmut           0%         N/A       100%        5
 Iskenderun's Battlesphe  Conj           0%         2d6       100%        5
 Lee's Rapid Deconstruct  Erth           0%         3d4*      100%        5
 Metabolic Englaciation   Hex/Ice        0%         N/A       100%        5
 Iron Shot                Conj/Erth      0%         9d1       100%        6
 Discord                  Hex            0%         N/A       100%        8
 Ignition                 Fire           0%         3d3       100%        8
 Call Imp                 Summ           Unusable   N/A       N/A         2
 Call Canine Familiar     Summ           Unusable   N/A       N/A         3
 Tukima's Dance           Hex            Unusable   N/A       N/A         3
 Animate Armour           Summ/Erth      Unusable   N/A       N/A         4
 Summon Lightning Spire   Summ/Air       Unusable   N/A       N/A         4
 Spellforged Servitor     Conj/Summ      Unusable   N/A       N/A         7

Dungeon Overview and Level Annotations

Branches:
Dungeon (14/15)            Temple (1/1) D:4            Lair (5/5) D:10
  Swamp (4/4) Lair:3        Snake (4/4) Lair:3        Slime (2/5) Lair:5
    Orc (0/2) D:11         Vaults (1/5) D:13          Sewer (visited)
Ossuary (visited)         Gauntlet (visited)

Altars:
Ashenzari
Cheibriados
Dithmenos
Elyvilon
Fedhas
Gozag
Hepliaklqana
Kikubaaqudgha
Makhleb
Nemelex Xobeh
Okawaru
Qazlal
Ru
Sif Muna
Trog
Uskayaw
Vehumet
Wu Jian
Xom
Yredelemnul
Zin
The Shining One

Shops:
Snake:1 [[*=?   Snake:2 *   Snake:3 *

Annotations:
D:4 1 runed translucent door, Crazy Yiuf
D:7 3 runed translucent doors, knightboat's ghost, novice KoEn
D:9 1 runed translucent door
Lair:5 2 transporters, Tutraar's ghost, journeyman DsGl
Snake:2 Roxanne
Snake:4 3 runed translucent doors, vinnietd's ghost, adept HaFi


Innate Abilities, Weirdness & Mutations

You have a pair of horns on your head.
You reflexively headbutt those who attack you in melee.


Message History

The slime creature is almost dead.
You slash the slime creature!
You kill the slime creature!
Okawaru accepts your kill.
You slash the slime creature! You hit the acid blob.
Your hands burn!
You hit the slime creature.
The slime creature hits you but does no damage.
The acid blob hits you!!
You are splashed with acid.
You resist.
* * * LOW HITPOINT WARNING * * *
The slime creature hits you.
* * * LOW HITPOINT WARNING * * *
You slash the slime creature!
You kill the slime creature!
Okawaru accepts your kill.
You slash the slime creature! You barely miss the acid blob.
You slash the slime creature! The acid blob hits you!!
* * * LOW HITPOINT WARNING * * *
The acid corrodes you!
You are splashed with acid.
You resist.
* * * LOW HITPOINT WARNING * * *
You block the slime creature's attack.
The slime creature hits you but does no damage.
You feel much better. The acid blob hits you.
* * * LOW HITPOINT WARNING * * *
You are splashed with acid.
You resist.
* * * LOW HITPOINT WARNING * * *
You block the slime creature's attack. x2; The acid blob hits you!
* * * LOW HITPOINT WARNING * * *
You are splashed with acid.
You resist.
* * * LOW HITPOINT WARNING * * *
You feel much better.
The slime creature hits you but does no damage.
The acid blob spits acid at you.
You block splash of acid... and reflect it back!
The splash of acid hits the acid blob.
The acid blob completely resists.
The slime creature hits you!
* * * LOW HITPOINT WARNING * * *
The acid blob attacks as you move away! The acid blob hits you!!
* * * LOW HITPOINT WARNING * * *
You are splashed with acid.
You resist.
You die...

##..#.....#.##.###.####.#####
#...............#...##...##.#
##................#...#..##...
#........................##..#
##..................#....##....
#...#.....................#...#
##.............#...............
#...#..........J..........#....
##.#..........@.......#........
###...........JJ...............
##.....................##.......
#......##.............##........
##......#...#..........##.#.##.#
##......##..............#.#####.
#....#...#..................#...
##....#.##......................
###.###.......................#


You could see an acid blob and 2 slime creatures.

Vanquished Creatures
  the Lernaean hydra (Swamp:4)
  A tentacled monstrosity (Swamp:3)
  Mlioglotl (Snake:1)
  A lich (Vaults:1)
  Asterion (Snake:4)
  2 acid blobs (Slime:2)
  A sphinx (Vaults:1)
  A thorn hunter (Swamp:4)
  Gastronok (Lair:1)
  Kirke (Lair:3)
  Agnes (Snake:1)
  A tengu reaver (Vaults:1)
  A rockslime (Slime:2)
  An azure jelly (Slime:1)
  14 nagarajas
  A fenstrider witch (Swamp:2)
  Aizul (Snake:3)
  3 ironbound preservers (Vaults:1)
  2 very ugly things (Vaults:1)
  4 bunyips
  2 ironbound thunderhulks (Vaults:1)
  5 eleionomae
  A minotaur (Gauntlet)
  Snorg (Lair:4)
  A fire dragon (Lair:4)
  2 yaktaur captains (Vaults:1)
  3 great orbs of eyes (Vaults:1)
  Fannar (D:12)
  23 hydras
  4 salamander tyrants
  11 centaur warriors
  3 anacondas
  A catoblepas (Lair:5)
  A two-headed ogre (D:9)
  A ghost crab (Swamp:3)
  4 boulder beetles
  Erica (Lair:1)
  7 alligators
  23 naga warriors
  A tengu warrior (D:13)
  10 naga sharpshooters
  5 death yaks (Lair:2)
  5 shock serpents
  Nergalle (D:12)
  A salamander mystic (Snake:2)
  2 skysharks
  3 sea snakes (Snake:3)
  11 swamp dragons
  A glowing orange brain (Vaults:1)
  9 deep trolls (Vaults:1)
  7 goliath frogs
  2 spriggan druids
  5 ironbound convokers (Vaults:1)
  11 naga ritualists
  2 bog bodies (Lair:3)
  5 lindwurms (Vaults:1)
  A necromancer (Gauntlet)
  3 harpies (Vaults:1)
  A deep elf pyromancer (D:9)
  17 mana vipers
  8 will-o-the-wisps
  5 ugly things
  3 cyclopes
  11 salamanders
  A manticore (D:11)
  3 elephants (Lair:3)
  34 slime creatures
  35 black mambas
  22 naga magi
  7 guardian serpents
  2 vault sentinels (Vaults:1)
  11 cane toads
  11 komodo dragons
  An unseen horror (D:11)
  4 rime drakes
  3 yaktaurs (Vaults:1)
  A tengu conjurer (Vaults:1)
  5 trolls
  6 polar bears (Lair:5)
  4 tyrant leeches
  Grinder (Sewer)
  11 hornets
  A raiju (Gauntlet)
  10 blink frogs
  2 dream sheep (Lair:5)
  24 spriggans
  A vampire (D:11)
  2 shadows
  A wraith (D:10)
  Sigmund (D:3)
  4 wyverns
  3 basilisks
  41 yaks
  3 hogs (Snake:1)
  2 vampire mosquitoes (D:13)
  Grum (Lair:1)
  4 steam dragons
  Menkaure (D:4)
  13 swamp worms
  46 nagas
  2 acid dragons
  15 water moccasins
  12 swamp drakes
  A meliai simulacrum (Gauntlet)
  3 orc warriors
  4 sky beasts
  6 black bears
  4 ogres
  9 boggarts
  30 wolves
  6 centaurs
  11 bullfrogs
  A kobold brigand (Sewer)
  2 gnoll sergeants
  A necrophage (Sewer)
  A scorpion (D:5)
  4 water moccasin zombies (Ossuary)
  4 wights
  A hornet simulacrum (Gauntlet)
  20 killer bees
  3 electric eels
  4 howler monkeys
  A jelly (D:5)
  8 orc priests
  Natasha (thrice) (D:3)
  3 iguanas
  14 orc wizards
  Terence (D:2)
  A boggart simulacrum (Gauntlet)
  3 mummies
  13 gnolls
  8 adders
  2 shadow imps (Sewer)
  A white imp (D:8)
  7 ufetubi
  6 adder zombies
  A worm (D:3)
  3 dart slugs
  50 orcs
  4 endoplasms
  9 giant cockroaches
  A gnoll zombie (Ossuary)
  4 goblins
  2 hobgoblins
  4 jackals (D:1)
  7 quokkas
  9 ball pythons
  7 bats
  2 frilled lizards
  4 hobgoblin zombies (Ossuary)
  26 kobolds
  5 kobold zombies
  5 orc zombies (Ossuary)
  3 rats
  2 spectral weapons
950 creatures vanquished.

Vanquished Creatures (others)
  A wizard (Vaults:1)
  A bloated husk (Swamp:2)
  A scorpion (D:6)
  An orc (D:4)
  67 foxfires
71 creatures vanquished.

Grand Total: 1021 creatures vanquished

Notes
Turn   | Place    | Note
-------+----------+-------------------------------------------
     0 | D:1      | seaoflcl the Minotaur Fighter began the quest for the Orb.
     0 | D:1      | Reached XP level 1. HP: 19/19 MP: 0/0
   176 | D:1      | Reached XP level 2. HP: 27/27 MP: 1/1
   524 | D:1      | Reached skill level 4 in Armour
   921 | D:2      | Reached XP level 3. HP: 32/33 MP: 2/2
  1008 | D:2      | Noticed Terence
  1016 | D:2      | Killed Terence
  1205 | D:2      | Reached XP level 4. HP: 36/40 MP: 3/3
  1306 | D:2      | Found a basalt altar of Yredelemnul.
  1642 | D:3      | Found a faded altar of an unknown god.
  1686 | D:3      | Noticed Natasha
  1696 | D:3      | Killed Natasha
  1704 | D:3      | Noticed Natasha
  1714 | D:3      | Killed Natasha
  1715 | D:3      | Reached skill level 5 in Armour
  1715 | D:3      | Reached XP level 5. HP: 6/47 MP: 4/4
  1801 | D:3      | Noticed Natasha
  1803 | D:3      | Noticed Sigmund
  1810 | D:3      | Found a glowing drain.
  1819 | Sewer    | Entered a sewer
  2076 | Sewer    | Found an ancient bone altar of Kikubaaqudgha.
  2079 | Sewer    | Noticed Grinder
  2089 | Sewer    | Reached XP level 6. HP: 50/53 MP: 5/5
  2089 | Sewer    | Paralysed by Grinder for 2 turns
  2097 | Sewer    | Killed Grinder
  2098 | Sewer    | Reached skill level 5 in Fighting
  2098 | Sewer    | Reached skill level 5 in Axes
  2098 | Sewer    | Reached skill level 1 in Throwing
  2098 | Sewer    | Reached skill level 6 in Armour
  2098 | Sewer    | Reached skill level 5 in Shields
  2098 | Sewer    | Reached XP level 7. HP: 29/61 MP: 6/6
  2460 | D:3      | Killed Sigmund
  2585 | D:3      | Killed Natasha
  2862 | D:3      | Found a broken altar of Ashenzari.
  2874 | D:3      | Found a hazy altar of Hepliaklqana.
  3120 | D:4      | Found a stormy altar of Qazlal.
  3173 | D:4      | Noticed a steam dragon
  3181 | D:4      | Killed a steam dragon
  3182 | D:4      | Reached skill level 7 in Armour
  3586 | D:5      | Entered Level 5 of the Dungeon
  3671 | D:4      | Reached XP level 8. HP: 54/70 MP: 7/7
  3975 | D:4      | Found a basalt altar of Yredelemnul.
  4097 | D:4      | Noticed Menkaure
  4106 | D:4      | Killed Menkaure
  4284 | D:4      | Found a staircase to the Ecumenical Temple.
  4379 | D:4      | Found a runed translucent door.
  4380 | D:4      | Noticed Crazy Yiuf
  4535 | Temple   | Entered the Ecumenical Temple
  4573 | Temple   | Became a worshipper of Warmaster Okawaru
  4792 | D:5      | Identified the +11 hand axe "Glorpo" {vamp, MP-9 Str+4
                  | Int+3}
  4925 | D:5      | Found a glowing golden altar of the Shining One.
  4932 | D:5      | Found an ornate altar of the Wu Jian Council.
  5055 | D:5      | Reached skill level 8 in Armour
  5680 | D:5      | Found a shimmering blue altar of Sif Muna.
  5899 | D:6      | Reached XP level 9. HP: 78/78 MP: 0/8
  6047 | D:6      | Reached * piety under Okawaru
  6443 | D:6      | Reached skill level 9 in Armour
  6722 | D:6      | Found a burning altar of Makhleb.
  7295 | D:7      | Found a runed translucent gate.
  7296 | D:7      | Found a runed translucent gate.
  7297 | D:7      | Noticed knightboat's ghost (novice KoEn)
  7298 | D:7      | Found a runed translucent gate.
  7508 | D:7      | Found a sand-covered staircase.
  7516 | Ossuary  | Entered an ossuary
  7559 | Ossuary  | Reached ** piety under Okawaru
  8066 | D:7      | Reached skill level 10 in Armour
  8161 | D:8      | Got the Treatise on Vexatious Cold
  8373 | D:8      | Reached XP level 10. HP: 52/81 MP: 0/9
  8489 | D:8      | Reached *** piety under Okawaru
  8559 | D:8      | Reached skill level 10 in Axes
  8563 | D:8      | Reached skill level 5 in Throwing
  9200 | D:9      | Found a blossoming altar of Fedhas.
  9222 | D:9      | Found a shadowy altar of Dithmenos.
  9339 | D:9      | Reached **** piety under Okawaru
  9547 | D:9      | Noticed a two-headed ogre
  9554 | D:9      | Killed a two-headed ogre
  9555 | D:9      | Reached skill level 11 in Armour
  9694 | D:9      | Found a runed translucent door.
  9694 | D:9      | Noticed a deep elf pyromancer
  9699 | D:9      | a culicivora changed into a salamander
  9699 | D:9      | Noticed a salamander (shapeshifter)
  9700 | D:9      | Killed a deep elf pyromancer
 10268 | D:10     | Entered Level 10 of the Dungeon
 10274 | D:10     | Received a gift from Okawaru
 10369 | D:10     | Reached XP level 11. HP: 95/95 MP: 1/10
 10373 | D:10     | Reached ***** piety under Okawaru
 11187 | D:10     | Found a staircase to the Lair.
 11206 | D:10     | Found a white marble altar of Elyvilon.
 11331 | Lair:1   | Entered Level 1 of the Lair of Beasts
 11344 | Lair:1   | Reached skill level 12 in Armour
 11395 | Lair:1   | Received a gift from Okawaru
 11454 | Lair:1   | Found a gate leading to a gauntlet.
 11464 | Gauntlet | Entered a Gauntlet
 11464 | Gauntlet | Found a transporter.
 11472 | Gauntlet | Found a transporter.
 11475 | Gauntlet | Found a transporter.
 11476 | Gauntlet | Found a transporter.
 11484 | Gauntlet | Found a transporter.
 11487 | Gauntlet | Found a transporter.
 11488 | Gauntlet | Found a transporter.
 11492 | Gauntlet | Noticed a necromancer
 11496 | Gauntlet | Found a transporter.
 11499 | Gauntlet | Found a transporter.
 11500 | Gauntlet | Found a transporter.
 11505 | Gauntlet | Noticed a reaper
 11508 | Gauntlet | Found a transporter.
 11511 | Gauntlet | Found a transporter.
 11512 | Gauntlet | Found a transporter.
 11515 | Gauntlet | Noticed a death drake
 11518 | Gauntlet | Found a runed translucent gate.
 11520 | Gauntlet | Found a transporter.
 11521 | Gauntlet | Found a runed translucent gate.
 11522 | Gauntlet | Found a runed translucent gate.
 11923 | Gauntlet | Killed a necromancer
 11923 | Gauntlet | Received a gift from Okawaru
 12050 | Gauntlet | Identified the ring of Yhoi {rF+ MP+9 Int+3 Dex-5}
 12050 | Gauntlet | Noticed a minotaur
 12060 | Gauntlet | Killed a minotaur
 12143 | Lair:1   | Noticed Erica
 12143 | Lair:1   | Noticed Gastronok
 12162 | Lair:1   | Killed Erica
 12162 | Lair:1   | Received a gift from Okawaru
 12214 | Lair:1   | Killed Gastronok
 12214 | Lair:1   | Identified the +1 robe "Areow" {-Cast +Blink rN++ rCorr}
                  | (Okawaru gifted it to you on level 1 of the Lair of Beasts)
 12214 | Lair:1   | Received a gift from Okawaru
 12215 | Lair:1   | Reached skill level 13 in Armour
 12570 | Lair:1   | Noticed Grum
 12576 | Lair:1   | Reached ****** piety under Okawaru
 12581 | Lair:1   | Killed Grum
 12582 | Lair:1   | Reached XP level 12. HP: 103/106 MP: 2/11
 13347 | Lair:2   | Reached skill level 1 in Long Blades
 13347 | Lair:2   | Reached skill level 1 in Evocations
 13430 | Lair:2   | Reached skill level 10 in Fighting
 13528 | Lair:2   | Reached skill level 10 in Shields
 13713 | Lair:2   | Noticed a death yak
 13713 | Lair:2   | Noticed a death yak
 13713 | Lair:2   | Noticed a death yak
 13746 | Lair:2   | Noticed a death yak
 13747 | Lair:2   | Killed a death yak
 13748 | Lair:2   | Noticed a death yak
 13754 | Lair:2   | Killed a death yak
 13759 | Lair:2   | Killed a death yak
 13765 | Lair:2   | Killed a death yak
 13769 | Lair:2   | Killed a death yak
 14587 | Lair:3   | Identified the +0 pair of gloves "Utetiblo" {Int+7}
                  | (Okawaru gifted it to you on level 3 of the Lair of Beasts)
 14587 | Lair:3   | Received a gift from Okawaru
 14853 | Lair:3   | Noticed a six-headed hydra
 14863 | Lair:3   | Killed a one-headed hydra
 15000 | Lair:3   | Reached skill level 14 in Armour
 15268 | Lair:3   | Reached skill level 5 in Long Blades
 15385 | Lair:3   | Found a staircase to the Snake Pit.
 15554 | Lair:3   | Found a staircase to the Swamp.
 15946 | Lair:4   | Reached XP level 13. HP: 114/114 MP: 3/12
 16354 | Lair:4   | Noticed a fire dragon
 16369 | Lair:4   | Killed a fire dragon
 16453 | Lair:4   | Noticed Snorg
 16471 | Lair:4   | Killed Snorg
 17059 | Lair:5   | Entered Level 5 of the Lair of Beasts
 17301 | Lair:5   | Received a gift from Okawaru
 17390 | Lair:5   | Found a transporter.
 17398 | Lair:5   | Found a transporter.
 17411 | Lair:5   | Noticed Tutraar's ghost (journeyman DsGl)
 17666 | Lair:5   | Found a staircase to the Slime Pits.
 17795 | Lair:5   | Identified the +0 hand axe of Lusiden {flame, Str+2}
                  | (Okawaru gifted it to you on level 5 of the Lair of Beasts)
 17795 | Lair:5   | Received a gift from Okawaru
 17796 | Lair:5   | Reached skill level 15 in Armour
 19263 | Lair:5   | Identified 2 scrolls of acquirement
 19266 | Lair:5   | Acquired the +8 long sword "Kouqyov" {freeze, rPois rC+
                  | rN+}
 19268 | Lair:5   | Acquired a manual of Throwing
 19412 | Swamp:1  | Entered Level 1 of the Swamp
 19899 | Snake:1  | Entered Level 1 of the Snake Pit
 19899 | Snake:1  | Noticed Kirke
 20049 | Lair:3   | Killed Kirke
 20049 | Lair:3   | Received a gift from Okawaru
 20050 | Lair:3   | Reached XP level 14. HP: 124/124 MP: 9/13
 20165 | Snake:1  | Received a gift from Okawaru
 20271 | Snake:1  | Noticed Mlioglotl
 20288 | Snake:1  | Killed Mlioglotl
 20531 | Snake:1  | Found Vacs's Magic Scroll Shop.
 20534 | Snake:1  | Found Uwkagiw's Jewellery Shop.
 20534 | Snake:1  | Found Zideebb's Assorted Antiques.
 20630 | Snake:1  | Found Xawiumny's Antique Armour Boutique.
 20712 | Snake:1  | Bought a scroll of identify for 30 gold pieces
 20713 | Snake:1  | Bought a scroll of noise for 15 gold pieces
 20730 | Snake:1  | Found Vythex's Armour Shop.
 20735 | Snake:1  | Noticed Agnes
 20751 | Snake:1  | Killed Agnes
 20878 | Snake:1  | Reached skill level 16 in Armour
 20878 | Snake:1  | Reached skill level 5 in Evocations
 20878 | Snake:1  | Reached XP level 15. HP: 127/132 MP: 14/14
 21021 | Snake:1  | Bought a +1 cloak of willpower for 264 gold pieces
 21101 | Snake:1  | Reached skill level 10 in Long Blades
 21106 | Snake:1  | Reached skill level 10 in Throwing
 21357 | Snake:1  | Received a gift from Okawaru
 21903 | Snake:2  | Noticed Roxanne
 22111 | Snake:2  | Received a gift from Okawaru
 22133 | Snake:2  | Found Kyfumoes's General Store.
 22184 | Snake:2  | Bought a potion of heal wounds for 65 gold pieces
 22184 | Snake:2  | Bought a potion of haste for 130 gold pieces
 22200 | Snake:2  | Noticed a nagaraja
 22209 | Snake:2  | Killed a nagaraja
 22220 | Snake:2  | Received a gift from Okawaru
 22502 | Snake:2  | Received a gift from Okawaru
 22796 | Snake:3  | Noticed a nagaraja
 22804 | Snake:3  | Killed a nagaraja
 22835 | Snake:3  | Received a gift from Okawaru
 22931 | Snake:3  | Reached skill level 15 in Axes
 23041 | Snake:3  | Identified the +2 pair of boots "Huila" {Str+3} (Okawaru
                  | gifted it to you on level 3 of the Snake Pit)
 23041 | Snake:3  | Received a gift from Okawaru
 23042 | Snake:3  | Reached skill level 17 in Armour
 23042 | Snake:3  | Reached XP level 16. HP: 135/141 MP: 6/15
 23077 | Snake:3  | Noticed Aizul
 23093 | Snake:3  | Killed Aizul
 23137 | Snake:3  | Found Tigrerch's Neck Hole.
 23672 | Snake:4  | Entered Level 4 of the Snake Pit
 23996 | Snake:4  | Reached skill level 5 in Dodging
 24196 | Snake:4  | Found a runed translucent gate.
 24196 | Snake:4  | Found a runed translucent gate.
 24196 | Snake:4  | Found a runed translucent gate.
 24197 | Snake:4  | Noticed vinnietd's ghost (adept HaFi)
 24688 | Snake:4  | Received a gift from Okawaru
 24838 | Snake:4  | Received a gift from Okawaru
 25191 | Snake:4  | Reached skill level 18 in Armour
 25285 | Snake:4  | Noticed Asterion
 25305 | Snake:4  | Noticed an Executioner
 25314 | Snake:4  | Killed Asterion
 25314 | Snake:4  | Received a gift from Okawaru
 25358 | Snake:4  | Got a serpentine rune of Zot
 25475 | Snake:4  | Reached XP level 17. HP: 145/150 MP: 7/16
 25885 | Snake:4  | Received a gift from Okawaru
 27207 | Swamp:1  | Received a gift from Okawaru
 28120 | Swamp:2  | Identified the +11 flail of Extermination {protect, rF- rN+
                  | Dex+3} (Okawaru gifted it to you on level 2 of the Swamp)
 28120 | Swamp:2  | Received a gift from Okawaru
 28343 | Swamp:3  | Found a radiant altar of Vehumet.
 28778 | Swamp:3  | Noticed a tentacled monstrosity
 28785 | Swamp:3  | Killed a tentacled monstrosity
 29232 | Swamp:3  | Identified the +11 hand axe "Cic Ysi" {heavy, rElec}
                  | (Okawaru gifted it to you on level 3 of the Swamp)
 29232 | Swamp:3  | Received a gift from Okawaru
 29581 | Swamp:4  | Entered Level 4 of the Swamp
 29681 | Swamp:4  | Reached skill level 19 in Armour
 31012 | Swamp:4  | Identified the +10 longbow of Freehold {drain, Dex+2}
 31052 | Swamp:4  | Received a gift from Okawaru
 31052 | Swamp:4  | Found the +2 Maxwell's thermic engine {flame, freeze, rev}
 31606 | Swamp:4  | Noticed the 27-headed Lernaean hydra
 31630 | Swamp:4  | Killed the 18-headed Lernaean hydra
 31631 | Swamp:4  | Reached XP level 18. HP: 67/160 MP: 17/17
 32027 | Swamp:4  | Got a decaying rune of Zot
 33260 | D:11     | Found a staircase to the Orcish Mines.
 33511 | D:12     | Received a gift from Okawaru
 33538 | D:12     | Noticed Fannar
 33550 | D:12     | Killed Fannar
 33690 | D:12     | Noticed Nergalle
 33700 | D:12     | Killed Nergalle
 33785 | D:12     | You fall into a shaft and drop 2 floors!
 33831 | D:13     | Found an iron altar of Okawaru.
 33859 | D:13     | Identified the +0 ring mail of the World {Harm Rampage}
                  | (Okawaru gifted it to you on level 13 of the Dungeon)
 33859 | D:13     | Received a gift from Okawaru
 34552 | D:13     | Found a gate to the Vaults.
 34563 | Vaults:1 | Entered Level 1 of the Vaults
 35214 | Vaults:1 | Reached skill level 20 in Armour
 35607 | Vaults:1 | Noticed a lich
 35635 | Vaults:1 | Killed a lich
 36062 | Vaults:1 | Found a radiant altar of Vehumet.
 36071 | Vaults:1 | Identified the +2 hat of the Circus Animal {Will++}
 36746 | Snake:1  | Bought a ring of resist corrosion for 260 gold pieces
 36868 | Slime:1  | Entered Level 1 of the Pits of Slime
 36896 | Slime:1  | Reached skill level 15 in Shields
 36996 | Slime:1  | Received a gift from Okawaru
 37315 | Slime:2  | Reached skill level 15 in Fighting
 37324 | Slime:1  | HP: 4/163 [acid blob (23)]
 37324 | Slime:1  | Splashed by an acid blob's acid

Illustrated notes

Levels and vault maps discovered:
D:1:      ldierk_walled_garden_2, layout_basic
D:2:      layout_basic, basic_altar, fountainhead, hangedman_decor_opposing,
          chequers_decorated_corner, uniq_terence
D:3:      layout_rooms, amethyst_overflow_temple_binary,
          cheibrodos_sewer_entry_sluice, shapermc_ecumenical_altar_pompeii,
          uniq_natasha, uniq_sigmund
D:4:      layout_basic, mainiacjoe_overflow_chevrons, mainiacjoe_overflow_paths,
          minmay_temple_entry_mist, uniq_grinder, uniq_menkaure,
          uniq_crazy_yiuf_cottage
D:5:      layout_basic, kennysheep_orc_sif_temple, grunt_temple_overflow_open,
          minmay_liquid_box, minivault_4, kennysheep_generic_room_10
D:6:      layout_basic, lightli_temple_of_fire, serial_rivers,
          chequers_serial_rivers_room_a, chequers_serial_rivers_large_a,
          chequers_serial_rivers_small_3, chequers_serial_rivers_small_3,
          chequers_serial_rivers_micro_e, minmay_misc_feat_diagonals,
          minmay_gold_behind_fungi, lemuel_flamethrower_2
D:7:      layout_loops_ring, gup_ossuary_entry_pyramid, gammafunk_ghost_split,
          nrook_uturn
D:8:      layout_cave_pods
D:9:      layout_stronghold, mainiacjoe_overflow_catch_the_wave,
          chequers_serial_rivers_small_3, minivault_13
D:10:     layout_basic, mainiacjoe_overflow_tiny_flanked, dpeg_oklobed_lair,
          glass_columns_a
D:11:     layout_loops_corners, orc_0_dummy
D:12:     layout_cave_pools, kennysheep_another_room, minmay_fountain_box,
          uniq_fannar, uniq_nergalle
D:13:     layout_roguey, david_vaults_4, okawaru_ov_weapons_minmay
D:14:     layout_cave_pools, nicolae_elevator_lobby_asterisk
Temple:   chequers_temple_sunken
Lair:1:   layout_regular_city, gauntlet_entry_generic, minmay_holes, uniq_grum,
          uniq_erica, uniq_gastronok
Lair:2:   layout_cellular_growth, chequers_serial_rivers_micro_b
Lair:3:   layout_roguey, nicolae_swamp_entry_splash_gauntlet,
          nicolae_snake_entry_squirm, grunt_megastairs_3
Lair:4:   dragon1_lemuel, layout_regular_city, uniq_snorg
Lair:5:   minmay_lair_end_enchanted_forest, layout_regular_city, slime_entry_1,
          gammafunk_ghost_hive, wad_woods_river_04
Swamp:1:  layout_falls_marsh, nicolae_swamp_small_spring, hangedman_swamp_blocks
Swamp:2:  layout_falls_marsh, nicolae_swamp_stair_fork, swamp_pool2
Swamp:3:  layout_basic_swamp, basic_altar, swamp_pool2
Swamp:4:  swamp_old_school, layout_basic_swamp, infiniplex_staircase_pool
Snake:1:  cheibrodos_snake_ritualist_ritual, layout_rooms, serial_shops, shop,
          minmay_shoptagon, uniq_kirke, uniq_mlioglotl, uniq_agnes
Snake:2:  layout_rooms, serial_shops, shop, nicolae_snake_snakes_in_the_grass,
          uniq_roxanne
Snake:3:  layout_rooms, nicolae_shop_sticking_my_neck_out, serial_bayou_shore_a,
          uniq_aizul
Snake:4:  grunt_snake_rune_spirals, layout_onion, ebering_ghost_rock_garden,
          uniq_asterion
Slime:1:  layout_caves
Slime:2:  layout_caves, nicolae_slime_getting_an_eyeful
Vaults:1: v_pattern_1, v_misc_29, vaults_room_large_hall, vaults_mumra_hexcomb,
          hangedman_vaults_capsules, nicolae_vaults_double_plus_2,
          grunt_tower_of_power, v_rooms_4, nicolae_vaults_storage_closets_2,
          layout_vaults_big_room

Skill      XL: |  1  2  3  4  5  6  7  8  9 10 11 12 13 14 15 16 17 18 |
---------------+-------------------------------------------------------+-----
Armour         | 4 5 6 7 8 10 11 13 14 15 16 17 18 19 20 | 20.3
Axes           | 3 4 5 6 7 9 11 12 13 14 15 16 17 | 17.0
Fighting       | 4 5 6 7 8 9 10 11 12 13 14 15 | 15.0
Shields        | 4 5 6 7 8 9 10 11 12 13 14 15 | 15.0
Throwing       | 1 2 3 4 5 7 8 9 10 12 13 14 | 14.8
Long Blades    | 5 8 9 11 12 13 | 13.8
Evocations     | 3 4 5 6 7 8 9 |  9.1
Dodging        | 2 4 6 7 9 |  9.0

Action                     |  1- 3 |  4- 6 |  7- 9 | 10-12 | 13-15 | 16-18 || total
---------------------------+-------+-------+-------+-------+-------+-------++-------
  Melee: War axe           |    62 |    81 |    97 |       |       |       ||   240
         Headbutt          |     7 |     8 |    47 |   100 |   173 |   399 ||   734
         Hand axe          |       |       |   159 |   418 |   667 |  1160 ||  2404
         Scimitar          |       |       |       |     6 |    13 |   318 ||   337
  Throw: Javelin           |       |       |     1 |    16 |    63 |    67 ||   147
         Dart              |       |       |       |    17 |     3 |       ||    20
 Invoke: Heroism           |       |       |       |       |     1 |     2 ||     3
  Evoke: Wand              |       |       |       |     1 |       |       ||     1
    Use: Potion            |       |     1 |       |     3 |     8 |     8 ||    20
         Scroll            |       |       |     5 |     5 |    22 |    11 ||    43
   Stab: Distracted        |       |       |       |       |       |     1 ||     1
 Armour: Scale mail        |    40 |    10 |       |       |       |       ||    50
         Chain mail        |       |    44 |   143 |     7 |   318 |   661 ||  1173
         Plate armour      |       |       |       |   151 |     8 |   236 ||   395
  Dodge: Dodged            |    32 |    53 |    88 |    98 |   190 |   428 ||   889
  Block: Buckler           |    16 |    24 |    58 |   153 |   276 |       ||   527
         Reflection        |       |       |       |     3 |    22 |   103 ||   128
         Kite shield       |       |       |       |       |    83 |  1353 ||  1436
